 Dungeon Crawl Stone Soup version 0.25-a0-346-g140ab784a8 (webtiles) character file.

Game seed: 16042118999057227600, levelgen mode: deterministic

81 Dedcleva the Sneak (level 4, -2/23 HPs)
             Began as a Vine Stalker Assassin on Dec 31, 2019.
             Slain by Terence
             ... wielding a +1 flail of crushing
              (9 damage)
             ... on level 3 of the Dungeon.
             The game lasted 00:15:01 (2037 turns).

Dedcleva the Sneak (Vine Stalker Assassin)          Turns: 2037, Time: 00:15:02

Health: -2/23      AC:  3    Str: 13    XL:     4   Next: 42%
Magic:  0/5        EV: 12    Int: 11    God:
Gold:   225        SH:  0    Dex: 17    Spells: 3/3 levels left

rFire    . . .     SeeInvis .   a - +2 dagger
rCold    . . .     Gourm    .   (no shield)
rNeg     . . .     Faith    .   b - +0 robe
rPois    .         Spirit   +   (no helmet)
rElec    .         Reflect  .   c - +0 cloak
rCorr    .         Harm     .   (no gloves)
MR       .....                  (no boots)
Stlth    +++.......             (no amulet)
HPRegen  0.47/turn              (no ring)
MPRegen  0.09/turn              (no ring)

@: no status effects
A: fangs 2, regeneration 1, magic shield, antimagic bite, no potion heal 3, rot
immunity
a: no special abilities


You were on level 3 of the Dungeon.
You were hungry.

You visited 1 branch of the dungeon, and saw 4 of its levels.

You collected 225 gold pieces.

Inventory:

Hand Weapons
 a - a +2 dagger (weapon)
Missiles
 d - 25 poisoned darts (quivered)
 e - 2 curare-tipped darts
Armour
 b - a +0 robe (worn)
 c - a +0 cloak (worn)
Jewellery
 u - an uncursed amulet of regeneration {unknown}
 v - an uncursed ring of see invisible {unknown}
Scrolls
 h - 5 scrolls of identify {unknown}
 m - 3 scrolls of remove curse {unknown}
 n - a scroll of teleportation {unknown}
 p - 2 scrolls of enchant weapon {unknown}
 r - a scroll of immolation {unknown}
 s - a scroll of noise {unknown}
 t - a scroll of fog {unknown}
Potions
 g - a potion of invisibility {unknown}
 i - a potion of haste {unknown}
 j - 2 potions of curing
 k - a potion of heal wounds
 l - 3 potions of brilliance {unknown}
 o - a potion of might {unknown}
 q - a potion of lignification {unknown}
Comestibles
 f - 6 rations


   Skills:
 + Level 2.0 Fighting
 + Level 2.5 Short Blades
 - Level 1.7 Throwing
 + Level 1.2 Dodging
 + Level 6.3 Stealth


You had 3 spell levels left.
You didn't know any spells.
Your spell library was empty.

Dungeon Overview and Level Annotations

Branches:
Dungeon (4/15)
 Temple: D:4-7

Altars:
Qazlal
Wu Jian

Annotations:
D:3 Terence


Innate Abilities, Weirdness & Mutations

You have extremely sharp teeth.
Your natural rate of healing is unusually fast.
When hurt, damage is shared between your health and your magic reserves.
Your bite disrupts and absorbs the magic of your enemies.
Potions cannot restore your health.
You are immune to rotting.


Message History

Terence hits you with a +1 flail of crushing!
You closely miss Terence.
Terence is moderately wounded.
Terence barely misses you.
You hit Terence but do no damage. Your bite misses Terence.
Terence is moderately wounded.
You hit Terence. You bite Terence, but do no damage.
Terence is moderately wounded.
Terence completely misses you.
You hit Terence but do no damage. You bite Terence, but do no damage.
Terence is moderately wounded.
Terence hits you with a +1 flail of crushing.
You barely miss Terence. You bite Terence, but do no damage.
Terence is moderately wounded.
Terence hits you with a +1 flail of crushing.
* * * LOW HITPOINT WARNING * * *
It was a potion of curing.
That felt strangely inert.
It was a potion of heal wounds.
That seemed strangely inert.
Terence hits you with a +1 flail of crushing!
You die...

.. ... #.####### /
...##.. .. #########
#.##.##.. #.......#
##.......# #.......#
#....÷....
#...@...####.....####
#...@...##.........#.
#......)÷.....#......
#.............#(...#.
#....................
....................>.
###...........###....##
#.......##..# #.....#
######.##..## #.....#


You could see Terence.

Vanquished Creatures
  2 adders
  A worm (D:4)
  2 dart slugs
  A leopard gecko (D:2)
  2 orcs
  2 bats
  4 giant cockroaches
  8 goblins
  8 hobgoblins
  3 jackals (D:2)
  A frilled lizard (D:3)
  A jackal skeleton (D:4)
  8 kobolds
  9 rats
52 creatures vanquished.

Notes
Turn   | Place    | Note
-------+----------+-------------------------------------------
     0 | D:1      | Dedcleva the Vine Stalker Assassin began the quest for the
                  | Orb.
     0 | D:1      | Reached XP level 1. HP: 11/11 MP: 2/2
    96 | D:1      | Reached skill level 5 in Stealth
   131 | D:1      | Reached XP level 2. HP: 6/15 MP: 3/3
   894 | D:2      | Found an ornate altar of the Wu Jian Council.
   898 | D:2      | Found a stormy altar of Qazlal.
   936 | D:2      | Reached XP level 3. HP: 18/18 MP: 4/4
  1027 | D:2      | Reached skill level 1 in Dodging
  1303 | D:2      | Reached skill level 6 in Stealth
  1773 | D:3      | Gained mutation: Your natural rate of healing is unusually
                  | fast. [Vine Stalker growth]
  1773 | D:3      | Reached XP level 4. HP: 17/23 MP: 3/5
  1785 | D:3      | Noticed Terence
  2037 | D:3      | Slain by Terence

Levels and vault maps discovered:
D:1:      scummos_arrival_star, layout_rooms, roderic_lattice_a
D:2:      layout_loops_ring, grunt_temple_overflow_open
D:3:      layout_rooms, gammafunk_ghost_grave, uniq_terence
D:4:      layout_rooms, kennysheep_slug_shrine, uniq_purgy, uniq_menkaure

Skill      XL: |  1  2  3 |
---------------+----------+-----
Stealth        | 5 6 |  6.3
Short Blades   | 2 |  2.5
Dodging        | 1 |  1.2
Fighting       | 2 |  2.0
Throwing       | |  1.7

Action                   |  1- 3 |  4- 6 || total
-------------------------+-------+-------++-------
Melee: Dagger            |    89 |    42 ||   131
       Bite              |    16 |    11 ||    27
  Use: Potion            |       |     2 ||     2
 Stab: Sleeping          |    12 |     3 ||    15
       Distracted        |     1 |       ||     1
  Eat: Chunk             |     2 |     1 ||     3
Armor: Robe              |    20 |    15 ||    35
Dodge: Dodged            |    55 |    31 ||    86

Table legend:
 A = Non-vault XP
 B = Vault XP
 C = Vault XP percentage of total XP
 D = Non-vault monster count
 E = Vault monster count
 F = Vault count percentage of total count
                 A         B        C        D         E       F
            +---------+---------+-------+---------+---------+-------
      Total |     117 |       0 |   0.0 |      52 |       0 |   0.0
            +---------+---------+-------+---------+---------+-------
        D:1 |      32 |       0 |   0.0 |      18 |       0 |   0.0
        D:2 |      39 |       0 |   0.0 |      16 |       0 |   0.0
        D:3 |      20 |       0 |   0.0 |      13 |       0 |   0.0
        D:4 |      26 |       0 |   0.0 |       5 |       0 |   0.0
            +---------+---------+-------+---------+---------+-------
